 Dungeon Crawl Stone Soup version 0.28.0-45-g0d030f2227 (webtiles) character file.

Game seed: 3946727329700248020

242 Kamala the Ruffian (level 5, -6/53 HPs)
             Began as a Troll Fighter on Apr 2, 2022.
             Was a Believer of Trog.
             Shot with an arrow by a centaur (12 damage)
             ... on level 4 of the Dungeon.
             The game lasted 00:15:20 (2764 turns).

Kamala the Ruffian (Troll Fighter)                  Turns: 2764, Time: 00:15:21

Health: -6/53      AC:  4    Str: 24    XL:     5   Next: 81%
Magic:  4/4        EV:  9    Int:  4    God:    Trog [**....]
Gold:   130        SH:  7    Dex: 11    Spells: 4/4 levels left

rFire   . . .      SeeInvis .     - Unarmed
rCold   . . .      Faith    .   b - +0 kite shield
rNeg    . . .      Spirit   .   a - +0 robe
rPois   .          Reflect  .   (helmet restricted)
rElec   .          Harm     .   (no cloak)
rCorr   .          Rampage  .   (gloves unavailable)
Will    .....                   (boots unavailable)
Stlth   +.........              (no amulet)
HPRegen 0.97/turn               (no ring)
MPRegen 0.09/turn               (no ring)

@: mighty, about to teleport, on berserk cooldown, slowed, very slow
A: large, unfitting armour, claws 3, regeneration 1, shaggy fur 1, tough skin 1
a: Renounce Religion, Berserk, Trog's Hand


You were on level 4 of the Dungeon.
You worshipped Trog.
Trog was pleased with you.
You visited 1 branch of the dungeon, and saw 4 of its levels.

You collected 130 gold pieces.

Inventory:

Hand Weapons
 g - a +1 hunting sling
Missiles
 i - 19 arrows
 l - 31 sling bullets
 m - 5 boomerangs (quivered)
Armour
 a - a +0 robe (worn)
 b - a +0 kite shield (worn)
Scrolls
 k - a scroll of noise {unknown}
Potions
 e - a potion of mutation {unknown}
 h - a potion of curing {unknown}
 j - 2 potions of cancellation {unknown}


   Skills:
 * Level 3.0 Fighting
 * Level 1.3(1.4) Slings
 * Level 0.9(1.5) Throwing
 * Level 3.1 Dodging
 * Level 0.9 Stealth
 * Level 3.0 Shields
 * Level 3.4 Unarmed Combat


You had 4 spell levels left.
You didn't know any spells.
Your spell library was empty.

Dungeon Overview and Level Annotations

Branches:
Dungeon (4/15)
 Temple: D:4-7

Altars:
Trog
Uskayaw


Innate Abilities, Weirdness & Mutations

You are too large for most types of armour.
You have claws for hands.
Your natural rate of healing is unusually fast.
You are covered in fur. (AC +1)
You have tough skin. (AC +1)


Message History

You feel your anger nearly subside.
You are no longer berserk.
You are exhausted.
You feel yourself slow down. The ogre closely misses you.
A centaur comes into view.
The centaur shouts!
The centaur wields a +0 shortbow.
The centaur shoots an arrow.
The arrow hits you.
The centaur shoots an arrow.
The arrow closely misses you.
Okay, then.
You feel very mighty all of a sudden. The ogre hits you with a +0 giant club!
You claw the centaur!
The centaur is severely wounded.
The centaur unwields a +0 shortbow.
The centaur hits you. The centaur barely misses you.
The ogre hits you with a +0 giant club!!
* * * LOW HITPOINT WARNING * * *
The centaur closely misses you. The centaur kicks you.
* * * LOW HITPOINT WARNING * * *
You block the ogre's attack.
As you read the scroll labelled EROHANG EMIC, it crumbles to dust.
It is a scroll of enchant weapon.
Your +0 hunting sling glows red for a moment.
You block the centaur's attack. The centaur barely misses you.
The centaur hits you but does no damage.
You block the centaur's attack. The ogre closely misses you.
As you read the scroll labelled QAVETRU JEYNU, it crumbles to dust.
You feel strangely unstable.
It was a scroll of teleportation.
The centaur hits you.
* * * LOW HITPOINT WARNING * * *
The centaur kicks you.
* * * LOW HITPOINT WARNING * * *
The centaur hits you.
* * * LOW HITPOINT WARNING * * *
The centaur kicks you.
* * * LOW HITPOINT WARNING * * *
The ogre hits you but does no damage.
The centaur wields a +0 shortbow.
The centaur shoots an arrow.
The arrow hits you!
You die...

.# #.##.# .## #.##.# ..
......' ..# #.##.#
#........# #.# #.##.#
#........# #.# #.##.#
#........## #+###.##.# #
#.#........
...##.##.####.#.#........
...##......##.#.#........
.........#.##..)@.c......
....####.#.####†#.######
###.# #.#.....)#O...# #.#
#.#.....).....# #.##
#.#...........# #..#
#.#...........# ####.#
#.########....#
...#.###.# #....#
......##.# .....#


You could see an ogre and a centaur.

Vanquished Creatures
  A scorpion (D:4)
  A water moccasin skeleton (D:4)
  An orc priest (D:3)
  2 adders
  A dart slug (D:3)
  4 orcs (D:3)
  4 ball pythons
  8 bats
  4 endoplasms
  2 giant cockroaches
  11 goblins
  4 hobgoblins
  5 jackals
  3 quokkas
  4 frilled lizards
  9 kobolds
  3 rats
  A spectral kobold (D:2)
68 creatures vanquished.

Notes
Turn   | Place    | Note
-------+----------+-------------------------------------------
     0 | D:1      | Kamala the Troll Fighter began the quest for the Orb.
     0 | D:1      | Reached XP level 1. HP: 22/22 MP: 0/0
   317 | D:1      | Reached XP level 2. HP: 29/29 MP: 1/1
   443 | D:1      | You fall into a shaft and drop 1 floor!
   496 | D:2      | Reached XP level 3. HP: 20/36 MP: 2/2
   976 | D:2      | Found a faded altar of an unknown god.
   996 | D:2      | Prayed at the altar of an unknown god.
   996 | D:2      | Became a worshipper of Trog the Wrathful
   996 | D:2      | Reached * piety under Trog
  1730 | D:3      | Reached XP level 4. HP: 42/44 MP: 3/3
  2411 | D:4      | Reached ** piety under Trog
  2457 | D:4      | Reached XP level 5. HP: 52/52 MP: 4/4
  2637 | D:4      | Found a hide-covered altar of Uskayaw.
  2645 | D:4      | Reached skill level 1 in Slings
  2750 | D:4      | Noticed an ogre
  2759 | D:4      | Noticed a centaur
  2764 | D:4      | Shot with an arrow by a centaur

Illustrated notes

Levels and vault maps discovered:
D:1:      minmay_arrival_three_doors, layout_basic
D:2:      layout_basic, dreamdust_ecumenical_altar_drowned_temple
D:3:      layout_loops_ring
D:4:      layout_basic, mainiacjoe_overflow_catwalk, minmay_temple_entry_fiery

Skill      XL: |  1  2  3  4  5 |
---------------+----------------+-----
Unarmed Combat | 3 |  3.4
Dodging        | 3 |  3.1
Shields        | 3 |  3.0
Slings         | 1 |  1.3
Fighting       | 3 |  3.0
Throwing       | |  0.9
Stealth        | |  0.9

Action                   |  1- 3 |  4- 6 || total
-------------------------+-------+-------++-------
Melee: Unarmed           |    97 |    28 ||   125
 Fire: Hunting sling     |    12 |    24 ||    36
Throw: Dart              |    11 |       ||    11
       Stone             |     1 |       ||     1
       Boomerang         |       |    10 ||    10
Invok: Berserk           |     2 |     3 ||     5
  Use: Scroll            |     1 |     2 ||     3
       Potion            |       |     2 ||     2
Armor: Robe              |    47 |     8 ||    55
Dodge: Dodged            |    44 |    20 ||    64
Block: Kite shield       |    40 |    13 ||    53
